 Dungeon Crawl Stone Soup version 0.27-a0-380-g150de4c316 (webtiles) character file.

Game seed: 16777308698576774399

14311 dickylongcocking the Covert (level 12, -3/130 HPs)
             Began as an Octopode Delver on Feb 18, 2021.
             Was an Initiate of Gozag.
             Slain by a blink frog (5 damage)
             ... while petrified by a basilisk
             ... on level 2 of the Lair of Beasts.
             The game lasted 00:16:37 (17613 turns).

dickylongcocking the Covert (Octopode Delver)      Turns: 17613, Time: 00:16:39

Health: -3/130     AC: 10    Str: 11    XL:     12   Next: 15%
Magic:  21/21      EV:  2    Int: 15    God:    Gozag
Gold:   606        SH:  0    Dex: 16    Spells: 11/11 levels left

rFire    . . .     SeeInvis +     - Unarmed
rCold    . . .     Faith    .   x - +1 tower shield
rNeg     + + +     Spirit   .   h - +1 hat
rPois    ∞         Reflect  +   j - amulet of reflection
rElec    .         Harm     .   i - ring of magical power
rCorr    +         Rampage  .   l - +4 ring of protection
Will     .....                  K - +4 ring of evasion
Stlth    ..........             c - +4 ring of protection
HPRegen  0.31/turn              M - ring of see invisible
MPRegen  0.17/turn              q - ring of resist corrosion
                                (no ring)
                                (no ring)

@: berserking (expiring), petrified, gold aura, hasted
A: almost no armour, stealthy swim, amphibious, 8 rings, constrict 8, camouflage
1, gelatinous body 1
a: Renounce Religion, Potion Petition, Call Merchant, Bribe Branch


You were on level 2 of the Lair of Beasts.
You worshipped Gozag.
Gozag was pleased with you.
You visited 2 branches of the dungeon, and saw 13 of its levels.
You also visited: Ossuary.

You collected 2395 gold pieces.
You spent 273 gold pieces at shops.
You paid 1516 gold pieces to Gozag.

Inventory:

Armour
 h - a +1 hat (worn)
 x - a +1 tower shield (worn)
Jewellery
 c - a +4 ring of protection (on tentacle)
 i - a ring of magical power (left tentacle)
 j - an amulet of reflection (around mantle)
 l - a +4 ring of protection (right tentacle)
 n - an amulet of guardian spirit {unknown}
 q - a ring of resist corrosion (on tentacle)
 K - a +4 ring of evasion (on tentacle)
 M - a ring of see invisible (on tentacle)
Wands
 e - a wand of digging (6)
 g - a wand of iceblast (7)
 r - a wand of random effects (11)
 I - a wand of flame (7)
Scrolls
 a - 2 scrolls of fog
 b - 5 scrolls of magic mapping
 m - 5 scrolls of amnesia {unknown}
 p - 2 scrolls of immolation
 u - a scroll of random uselessness {unknown}
 v - 3 scrolls of teleportation {unknown}
 y - 2 scrolls of blinking {unknown}
 A - a scroll of torment {unknown}
 C - a scroll of noise {unknown}
 G - 3 scrolls of enchant weapon {unknown}
 H - a scroll of summoning {unknown}
 J - 2 scrolls of acquirement {unknown}
 N - 4 scrolls of identify
 P - a scroll of fear
Potions
 d - 2 potions of haste
 f - 6 potions of degeneration
 k - a potion of attraction
 o - 5 potions of curing
 s - 2 potions of flight {unknown}
 w - a potion of resistance {unknown}
 z - 2 potions of magic {unknown}
 B - a potion of cancellation {unknown}
 D - a potion of ambrosia {unknown}
 E - a potion of brilliance {unknown}
 F - a potion of mutation
 L - a potion of might {unknown}
Miscellaneous
 t - a phial of floods
 O - a box of beasts (inert)


   Skills:
 * Level 10.3 Fighting
 * Level 6.3 Dodging
 * Level 11.3 Stealth
 * Level 8.2 Shields
 * Level 10.8 Unarmed Combat
 * Level 4.6 Evocations


You had 11 spell levels left.
You didn't know any spells.
Your spell library contained the following spells:

 Spells                   Type           Power        Failure   Level
 Corona                   Hex            0%           93%         1
 Magic Dart               Conj           0%           93%         1
 Sandblast                Erth           0%           93%         1
 Ensorcelled Hibernation  Hex/Ice        0%           98%         2
 Passwall                 Tmut/Erth      0%           98%         2
 Searing Ray              Conj           0%           98%         2
 Confusing Touch          Hex            0%           100%        3
 Dazzling Flash           Conj/Hex       0%           100%        3
 Stone Arrow              Conj/Erth      0%           100%        3
 Tukima's Dance           Hex            0%           100%        3
 Fulminant Prism          Conj/Hex       0%           100%        4
 Iskenderun's Mystic Bla  Conj/Tloc      0%           100%        4
 Petrify                  Tmut/Erth      0%           100%        4
 Lee's Rapid Deconstruct  Erth           0%           100%        5


Dungeon Overview and Level Annotations

Branches:
Dungeon (11/15)            Temple (0/1) D:7            Lair (2/6) D:9
Ossuary (visited)
  Swamp: Lair:2-4    Shoals: Lair:2-4     Snake: Lair:2-4    Spider: Lair:2-4
    Orc: D:9-12

Altars:
Ashenzari
Cheibriados
Dithmenos
Gozag
Hepliaklqana
Makhleb
Qazlal
Trog
Uskayaw
Wu Jian
Xom
The Shining One

Shops:
D:4 *   D:6 !


Innate Abilities, Weirdness & Mutations

You cannot wear most types of armour.
You are very stealthy in the water. (Stealth+)
You are amphibious.
You can wear up to eight rings at the same time.
You can use your tentacles to constrict eight enemies at once.
Your skin changes colour to match your surroundings (Stealth+).
Your rubbery body absorbs attacks. (AC +1, EV +1)


Message History

You block the wyvern's attack. The basilisk gazes at you.
You are slowing down.
The bullfrog hits you.
The blink frog blinks!
The wyvern bites you!
You bludgeon the basilisk!
The basilisk is severely wounded.
You constrict the basilisk.
The bullfrog hits you but does no damage.
The wyvern closely misses you. The basilisk gazes at you.
Your limbs have turned to stone.
The bullfrog hits you but does no damage.
You have turned to stone.
You constrict the basilisk. The wyvern bites you!
* * * LOW HITPOINT WARNING * * *
The basilisk bites you!
* * * LOW HITPOINT WARNING * * *
The bullfrog hits you.
The wyvern bites you but does no damage.
You constrict the basilisk.
You kill the basilisk!
The bullfrog hits you but does no damage.
The wyvern bites you!
* * * LOW HITPOINT WARNING * * *
The bullfrog hits you.
* * * LOW HITPOINT WARNING * * *
The wyvern bites you.
* * * LOW HITPOINT WARNING * * *
The blink frog hits you!!
* * * LOW HITPOINT WARNING * * *
The bullfrog hits you. The wyvern bites you.
* * * LOW HITPOINT WARNING * * *
The blink frog hits you. The bullfrog hits you.
* * * LOW HITPOINT WARNING * * *
The wyvern bites you!
* * * LOW HITPOINT WARNING * * *
The blink frog hits you!
You die...
Your body crumbles into a pile of gold.

.. ..# .. .#. .
..##... .. #... .#
## .# ...#...
.###.# l..
..#....###....#....
.+.................
#.8...F@8..<..8....
......F.l..........
.#.#...###...#.#...
#... ##### .. .
##.. ..# ##. .# ..
. .. $


You could see a blink frog, a wyvern and a bullfrog.

Vanquished Creatures
  Gastronok (D:8)
  A hydra (Lair:1)
  3 two-headed ogres
  An elephant (D:9)
  Joseph (D:8)
  A black mamba (Lair:1)
  A gargoyle (D:11)
  A polar bear (Lair:1)
  Prince Ribbit (D:8)
  7 blink frogs
  Sigmund (D:5)
  3 wyverns
  Grum (D:8)
  4 basilisks
  2 water moccasins (Lair:1)
  3 ice beasts
  4 orc warriors
  2 sky beasts
  A black bear (D:9)
  An eye of draining (D:11)
  7 wolves
  A necrophage (D:5)
  6 ogres
  7 centaurs
  3 phantoms
  3 bullfrogs
  An elf zombie (D:6)
  2 gnoll sergeants
  An elf skeleton (D:6)
  2 scorpions
  A wyvern skeleton (D:6)
  11 wights
  2 howler monkeys (D:8)
  A centaur zombie (D:6)
  10 hounds
  A jelly (D:8)
  7 orc priests
  Crazy Yiuf (D:7)
  2 bullfrog zombies (D:9)
  A centaur skeleton (D:7)
  A human skeleton (D:6)
  Natasha (D:3)
  An iguana (D:6)
  9 orc wizards
  5 worker ants
  2 hound skeletons (D:4)
  8 mummies (Ossuary)
  A worker ant zombie (D:8)
  8 gnolls
  10 adders
  4 shadow imps
  2 white imps
  An ufetubus (D:5)
  3 oozes
  An adder skeleton (D:8)
  3 worms
  4 dart slugs
  9 leopard geckos
  20 orcs
  3 bats
  2 giant cockroaches
  13 hobgoblins
  18 jackals
  7 kobolds
  4 quokkas
  5 frilled lizards
  A gnoll zombie (Ossuary)
  15 goblins
  2 hobgoblin zombies (Ossuary)
  A jackal zombie (D:5)
  2 kobold zombies (Ossuary)
  A leopard gecko skeleton (D:8)
  A leopard gecko zombie (D:7)
  2 orc skeletons (D:6)
  4 orc zombies
  A quokka skeleton (D:10)
  4 rats
289 creatures vanquished.

Vanquished Creatures (others)
  A fungus (D:9)
  3 plants
4 creatures vanquished.

Grand Total: 293 creatures vanquished

Notes
Turn   | Place    | Note
-------+----------+-------------------------------------------
     0 | D:5      | dickylongcocking the Octopode Delver began the quest for
                  | the Orb.
     0 | D:5      | Reached XP level 1. HP: 16/16 MP: 1/1
    23 | D:5      | Noticed a necrophage
    34 | D:5      | Killed a necrophage
    35 | D:5      | Reached XP level 2. HP: 11/21 MP: 2/2
    35 | D:5      | Reached XP level 3. HP: 14/26 MP: 3/3
    35 | D:5      | Reached XP level 4. HP: 16/31 MP: 4/4
   201 | D:5      | Reached XP level 5. HP: 26/36 MP: 5/5
   493 | D:5      | Found a hide-covered altar of Uskayaw.
   641 | D:4      | Reached skill level 5 in Unarmed Combat
   650 | D:3      | Found a shimmering altar of Xom.
  1882 | D:2      | Reached XP level 6. HP: 43/43 MP: 6/6
  1886 | D:2      | Found a faded altar of an unknown god.
  2024 | D:2      | Found a glowing golden altar of the Shining One.
  2025 | D:2      | Found an opulent altar of Gozag.
  2025 | D:2      | Found a broken altar of Ashenzari.
  2025 | D:2      | Found a burning altar of Makhleb.
  2034 | D:2      | Became a worshipper of Gozag Ym Sagoz the Greedy
  2251 | D:2      | Found a bloodstained altar of Trog.
  2342 | D:2      | Found a shadowy altar of Dithmenos.
  3173 | D:3      | Noticed Natasha
  3184 | D:3      | Killed Natasha
  3905 | D:4      | Reached skill level 5 in Fighting
  3905 | D:4      | Reached XP level 7. HP: 44/50 MP: 7/7
  4213 | D:4      | Found Jaedghepp's General Store.
  4414 | D:4      | Found a snail-covered altar of Cheibriados.
  4511 | D:5      | Found a shadowy altar of Dithmenos.
  4853 | D:5      | Noticed Sigmund
  4860 | D:5      | Killed Sigmund
  5419 | D:6      | Reached XP level 8. HP: 43/57 MP: 8/8
  5555 | D:6      | Reached skill level 1 in Shields
  5951 | D:6      | Found a sand-covered staircase.
  5975 | Ossuary  | Entered an ossuary
  6963 | D:6      | Found Meyxzaz's Distillery.
  6975 | D:6      | Bought a potion of heal wounds for 65 gold pieces
  6975 | D:6      | Bought a potion of lignification for 39 gold pieces
  6975 | D:6      | Bought a potion of haste for 130 gold pieces
  6975 | D:6      | Bought a potion of curing for 39 gold pieces
  7323 | D:6      | Reached XP level 9. HP: 39/64 MP: 9/9
  7576 | D:7      | Found a staircase to the Ecumenical Temple.
  8212 | D:7      | Found an ornate altar of the Wu Jian Council.
  8371 | D:7      | Found a stormy altar of Qazlal.
  8575 | D:7      | Found a runed translucent door.
  8576 | D:7      | Noticed Crazy Yiuf
  8584 | D:7      | Killed Crazy Yiuf
  8707 | D:8      | Found an ornate altar of the Wu Jian Council.
  8708 | D:8      | Noticed Joseph
  8709 | D:8      | Noticed a two-headed ogre
  9136 | D:8      | Noticed Grum
  9153 | D:8      | Reached skill level 1 in Evocations
  9397 | D:8      | Reached skill level 7 in Stealth
  9922 | D:8      | Reached skill level 5 in Shields
  9956 | D:8      | Noticed Prince Ribbit
  9967 | D:8      | Killed Prince Ribbit
  9975 | D:8      | Killed Grum
 10275 | D:8      | Killed Joseph
 10276 | D:8      | Reached XP level 10. HP: 51/73 MP: 10/10
 10306 | D:8      | Reached skill level 8 in Stealth
 10424 | D:8      | Noticed a two-headed ogre
 10877 | D:7      | Killed a two-headed ogre
 11564 | D:8      | Noticed Gastronok
 11580 | D:8      | Killed Gastronok
 11581 | D:8      | Reached skill level 9 in Stealth
 12054 | D:9      | Found a hazy altar of Hepliaklqana.
 12082 | D:8      | Reached XP level 11. HP: 71/80 MP: 11/11
 12353 | D:9      | Noticed a two-headed ogre
 12588 | D:9      | Reached skill level 10 in Unarmed Combat
 12607 | D:10     | Entered Level 10 of the Dungeon
 13139 | D:10     | Noticed a two-headed ogre
 13156 | D:10     | Killed a two-headed ogre
 13157 | D:10     | Reached skill level 10 in Stealth
 13843 | D:9      | Killed a two-headed ogre
 13844 | D:9      | Reached skill level 5 in Dodging
 14293 | D:9      | Found a staircase to the Lair.
 15466 | D:11     | Noticed a boulder beetle
 16152 | Lair:1   | Entered Level 1 of the Lair of Beasts
 16152 | Lair:1   | Noticed a four-headed hydra
 16181 | Lair:1   | Killed a four-headed hydra
 16182 | Lair:1   | Reached skill level 10 in Fighting
 16563 | Lair:1   | Reached skill level 11 in Stealth
 16734 | Lair:1   | Reached XP level 12. HP: 42/87 MP: 12/12
 17613 | Lair:2   | HP: 2/130 [wyvern (6)]
 17613 | Lair:2   | Slain by a blink frog

Illustrated notes

Levels and vault maps discovered:
D:1:      dpeg_arrival_pond, layout_basic, minmay_misc_feat_pillars
D:2:      layout_basic, marbit_many_paths,
          chequers_temple_overflow_statue_of_worship,
          chequers_ecumenical_altar_simple, hex_intersection,
          lemuel_altar_in_water
D:3:      layout_basic, xom_butterflies, uniq_natasha
D:4:      layout_basic, lemuel_doored_altar, serial_shops, shop, hex_large
D:5:      layout_rooms, basic_altar, amcnicky_mini_pool_small,
          grunt_dithmenos_smoke_and_mirrors, uniq_sigmund
D:6:      layout_basic, nicolae_ossuary_entry_catacombs, serial_shops, shop
D:7:      layout_basic, old_standard_altar, minmay_temple_entry_mist,
          nicolae_qazlal_eye_of_the_storm, uniq_crazy_yiuf_cottage
D:8:      layout_basic, basic_altar, uniq_prince_ribbit1, uniq_grum,
          uniq_joseph, uniq_gastronok
D:9:      nicolae_whirlpool, layout_rooms, david_lair_generic, basic_altar,
          minmay_misc_feat_cross
D:10:     layout_basic
D:11:     minmay_the_grid_triangle_9x9_recursive_3
          [minmay_the_grid_triangle_9x9_limited_checkers,
          minmay_the_grid_triangle_9x9_checkered,
          minmay_the_grid_triangle_9x9_corruption,
          minmay_the_grid_triangle_9x9_prize_schism,
          minmay_the_grid_triangle_9x9_zippers_horizontal,
          minmay_the_grid_triangle_9x9_alien,
          minmay_the_grid_triangle_9x9_zippers_vertical,
          minmay_the_grid_triangle_9x9_longest,
          minmay_the_grid_triangle_9x9_sprig], layout_gridville, david_orc_5,
          minmay_shop_grid_forest
Lair:1:   layout_roguey, serial_bayou_shore_a
Lair:2:   layout_regular_city, grunt_megastairs_5

Skill      XL: |  1  2  3  4  5  6  7  8  9 10 11 |
---------------+----------------------------------+-----
Unarmed Combat | 4 5 6 7 8 9 10 | 10.8
Fighting       | 4 5 6 7 8 9 10 | 10.3
Shields        | 3 5 6 8 |  8.2
Evocations     | 3 4 |  4.6
Stealth        | 7 9 11 | 11.3
Dodging        | 4 6 |  6.3

Action                   |  1- 3 |  4- 6 |  7- 9 | 10-12 || total
-------------------------+-------+-------+-------+-------++-------
Melee: Unarmed           |     9 |   180 |   326 |   400 ||   915
       Tentacles         |     4 |    38 |    70 |    96 ||   208
       Constrict         |     1 |    42 |    69 |    65 ||   177
       Punch             |       |     9 |    27 |    35 ||    71
Invok: Potion Petition   |       |       |     1 |     3 ||     4
Evoke: Wand              |       |       |     4 |     6 ||    10
       Box of beasts     |       |       |       |     1 ||     1
  Use: Potion            |       |       |     6 |     8 ||    14
       Scroll            |       |       |     5 |     8 ||    13
 Stab: Sleeping          |     1 |    28 |    16 |    11 ||    56
       Distracted        |       |       |     3 |     2 ||     5
Armor: Skin              |       |    15 |    77 |    66 ||   158
Dodge: Dodged            |     6 |    86 |   122 |   178 ||   392
Block: Other             |       |    23 |    48 |    12 ||    83
       Reflection        |       |     1 |       |    19 ||    20
       Tower shield      |       |       |       |   341 ||   341

Table legend: (Time is in decaauts)
 A = Elapsed time spent in this place.
 B = Non-inter-level travel time spent in this place.
 C = Inter-level travel time spent in this place.
 D = Time resting spent in this place.
 E = Time spent auto-exploring this place.
 F = Levels seen in this place.
 G = Mean time per level.
                   A        B        C        D        E       F      G
               +--------+--------+--------+--------+--------+-----+--------+
         Total |  17569 |  17124 |    445 |   5542 |   8576 |  14 | 1254.9 |
       Dungeon |  15363 |  14926 |    437 |   4748 |   7556 |  11 | 1396.6 |
          Lair |   1246 |   1238 |      8 |    179 |    821 |   2 |  623.0 |
       Ossuary |    958 |    958 |      0 |    615 |    199 |   1 |  958.0 |
               +--------+--------+--------+--------+--------+-----+--------+

Top non-repeatable levels by time:
     D:7: 2724 daAuts
     D:8: 2296 daAuts
     D:9: 1569 daAuts
    D:10: 1566 daAuts
     D:5: 1422 daAuts
     D:6: 1266 daAuts
  Lair:1: 1206 daAuts
     D:3: 1194 daAuts
     D:1: 982 daAuts
     D:2: 961 daAuts
 Ossuary: 958 daAuts
     D:4: 741 daAuts
    D:11: 638 daAuts
  Lair:2: 39 daAuts
